 Dungeon Crawl Stone Soup version 0.30-a0-1016-gfb0d676c02 (webtiles) character file.

Game seed: 127349377083411257

114100 LobsterGuardian the Earth Mage (level 16, -3/90 HPs)
             Began as a Gargoyle Earth Elementalist on Apr 6, 2023.
             Was a High Priest of Sif Muna.
             Slain by a +2 heavy long sword (12 damage)
             ... on level 1 of the Elven Halls on Apr 7, 2023.
             The game lasted 02:31:48 (26514 turns).

LobsterGuardian the Earth Mage (GrEE)              Turns: 26514, Time: 02:31:49

Health: -3/90      AC: 25    Str: 26    XL:     16   Next: 65%
Magic:  49/50      EV: 14    Int: 19    God:    Sif Muna [*****.]
Gold:   1759       SH:  8    Dex: 16    Spells: 0/40 levels left

rFire   + . .      SeeInvis +    j - +10 demon trident of Superiority {drain, rElec rCorr Int+2}
rCold   + . .      Faith    .    r - +3 buckler "Zikaapp" {*Corrode Str+9 Dex+3 SInv}
rNeg    + . .      Spirit   .    H - +3 leather armour "Xautuak" {Str+2 Int-2 Dex+2 Slay+2}
rPois   ∞          Reflect  .    e - +2 helmet {SInv}
rElec   +          Rampage  .    a - scarf {rC+ rF+}
rCorr   +                        J - +1 pair of gloves "Omies" {rElec rPois Regen+ Dex-3}
Will    ++...                    k - +0 pair of boots
Stlth   +++                      K - amulet of magic regeneration
HPRegen 1.15/turn                l - ring of magical power
MPRegen 0.72/turn                o - ring "Diskou Paxi" {MP+9 Str+2}

@: about to teleport, liquefying, wereblooded, flying, studying 2 skills, slowed
movement, very slow
A: sickness immunity, AC +12, big wings, negative energy resistance 1,
electricity resistance, torment resistance 1, petrification resistance, hooves
1, see invisible, strong-willed 1
a: Renounce Religion, Channel Magic, Forget Spell, Divine Exegesis


You were on level 1 of the Elven Halls.
You worshipped Sif Muna.
Sif Muna was extremely pleased with you.
You visited 5 branches of the dungeon, and saw 24 of its levels.
You also visited: Sewer, Ossuary, Gauntlet and Ice Cave.

You collected 2289 gold pieces.
You spent 530 gold pieces at shops.

Inventory:

Hand Weapons
 j - the +10 demon trident of Superiority (weapon) {drain, rElec rCorr Int+2}
   (You found it on level 5 of the Lair of Beasts)

   Int:       It affects your intelligence (+2).
   rElec:     It insulates you from electricity.
   rCorr:     It protects you from acid and corrosion.
 D - the +9 short sword "Hahaofun" {drain, rCorr}
   (You found it in a Gauntlet)

   rCorr:     It protects you from acid and corrosion.
Armour
 a - a scarf of resistance (worn)
 e - a +2 helmet of see invisible (worn)
 k - a +0 pair of boots (worn)
 r - the +3 buckler "Zikaapp" (worn) {*Corrode Str+9 Dex+3 SInv}
   (You acquired it on level 4 of the Lair of Beasts)

   Str:       It affects your strength (+9).
   Dex:       It affects your dexterity (+3).
   SInv:      It lets you see invisible.
   *Corrode:  It may corrode you when you take damage.
 H - the +3 leather armour "Xautuak" (worn) {Str+2 Int-2 Dex+2 Slay+2}
   (You found it on level 3 of the Dungeon)

   Str:       It affects your strength (+2).
   Int:       It affects your intelligence (-2).
   Dex:       It affects your dexterity (+2).
   Slay:      It affects your accuracy & damage with ranged weapons and melee
   (+2).
 J - the +1 pair of gloves "Omies" (worn) {rElec rPois Regen+ Dex-3}
   (You found it on level 7 of the Dungeon)

   Dex:       It affects your dexterity (-3).
   rElec:     It insulates you from electricity.
   rPois:     It protects you from poison.
   Regen:     It increases your rate of health regeneration.
Jewellery
 c - a ring of willpower
 l - a ring of magical power (left hand)
 o - the ring "Diskou Paxi" (right hand) {MP+9 Str+2}
   (You bought it in a shop on level 2 of the Orcish Mines)

   [ring of magical power]

   Str:       It affects your strength (+2).
   MP:        It affects your magic capacity (+9).
 u - a ring of positive energy
 I - a +5 ring of evasion
 K - an amulet of magic regeneration (around neck)
 Q - an amulet of reflection
 T - a ring of fire
 X - a ring of ice
Wands
 q - a wand of mindburst (16)
 s - a wand of flame (33)
 A - a wand of charming (20)
 C - a wand of iceblast (11)
 M - a wand of digging (10)
 W - a wand of acid (4)
Scrolls
 d - a scroll of blinking
 g - a scroll of teleportation
 i - 5 scrolls of enchant armour
 m - 5 scrolls of fog
 n - 3 scrolls of poison
 p - 5 scrolls of noise
 t - 5 scrolls of identify
 v - 5 scrolls of enchant weapon
 x - a scroll of brand weapon
 B - 6 scrolls of amnesia
 E - 7 scrolls of immolation
 F - 3 scrolls of vulnerability
 L - 3 scrolls of torment
 P - a scroll of silence
 Y - 2 scrolls of magic mapping
Potions
 b - a potion of magic
 f - 5 potions of brilliance
 h - 2 potions of berserk rage
 w - 5 potions of lignification
 z - a potion of mutation
 G - a potion of haste
 N - 4 potions of resistance
 O - 2 potions of curing
 V - 6 potions of ambrosia
 Z - 3 potions of might


   Skills:
 * Level 6.7 Fighting
 - Level 4.2 Short Blades
 - Level 5.2 Maces & Flails
 + Level 6.7 Polearms
 + Level 4.5 Armour
 + Level 5.4 Dodging
 + Level 7.1 Stealth
 + Level 3.9 Shields
 + Level 12.8 Spellcasting
 + Level 3.2 Conjurations
 + Level 9.8 Summonings
 + Level 1.2 Necromancy
 + Level 4.1 Transmutations
 + Level 0.4 Ice Magic
 + Level 1.8 Air Magic
 + Level 18.7 Earth Magic
 + Level 8.3 Invocations


You couldn't memorise any spells.
You knew the following spells:

 Your Spells              Type           Power      Damage    Failure   Level
a - Sandblast             Erth           100%       2d20      0%          1
b - Stone Arrow           Conj/Erth      100%       3d13      1%          3
c - Iron Shot             Conj/Erth      26%        9d6       14%         6
d - Petrify               Tmut/Erth      53%        N/A       1%          4
e - Summon Lightning Spi  Summ/Air       34%        N/A       8%          4
f - Static Discharge      Conj/Air       42%        2-4/arc   4%          2
g - Wereblood             Tmut           27%        N/A       2%          2
h - Summon Ice Beast      Ice/Summ       31%        N/A       10%         4
i - Lee's Rapid Deconstr  Erth           35%        3d18*     1%          5
j - Borgnjor's Vile Clut  Necr/Erth      25%        N/A       3%          5
k - Leda's Liquefaction   Hex/Erth       23%        N/A       1%          4

Your spell library contained the following spells:

 Spells                   Type           Power      Damage    Failure   Level
 Beastly Appendage        Tmut           54%        N/A       1%          1
 Call Imp                 Summ           49%        N/A       1%          2
 Passwall                 Tmut/Erth      44%        N/A       1%          2
 Animate Armour           Summ/Erth      100%       N/A       1%          4
 Magic Dart               Conj           96%        1d7       2%          1
 Sting                    Tmut/Pois      80%        1d7       3%          1
 Summon Guardian Golem    Hex/Summ       30%        N/A       3%          3
 Momentum Strike          Conj/Tloc      36%        3d9       6%          2
 Apportation              Tloc           24%        N/A       9%          1
 Slow                     Hex            48%        N/A       9%          1
 Poisonous Vapours        Pois/Air       30%        N/A       9%          2
 Ensorcelled Hibernation  Hex/Ice        26%        N/A       11%         2
 Spider Form              Tmut/Pois      20%        N/A       11%         3
 Blink                    Tloc           24%        N/A       12%         2
 Dazzling Flash           Conj/Hex       36%        N/A       12%         3
 Mephitic Cloud           Conj/Pois/Air  18%        N/A       12%         3
 Ignite Poison            Fire/Tmut/Pois 17%        N/A       14%         3
 Vampiric Draining        Necr           16%        2d7       14%         3
 Confusing Touch          Hex            12%        N/A       24%         3
 Volatile Blastmotes      Fire/Tloc      24%        2d12      24%         3
 Summon Mana Viper        Hex/Summ       30%        N/A       30%         5
 Airstrike                Air            9%         2d(2-18)  36%         4
 Sticky Flame             Conj/Fire      18%        2d4       38%         4
 Animate Dead             Necr           16%        N/A       43%         4
 Dispel Undead            Necr           16%        3d10      43%         4
 Irradiate                Conj/Tmut      13%        3d16      45%         5
 Iskenderun's Battlesphe  Conj           24%        2d8       52%         5
 Manifold Assault         Tloc           12%        N/A       63%         4
 Olgreb's Toxic Radiance  Pois           12%        N/A       63%         4
 Alistair's Intoxication  Tmut/Pois      13%        N/A       67%         5
 Yara's Violent Unravell  Hex/Tmut       10%        3d6       67%         5
 Freezing Cloud           Conj/Ice/Air   9%         6-21      71%         5
 Fireball                 Conj/Fire      9%         3d6       75%         5
 Monstrous Menagerie      Summ           24%        N/A       77%         7
 Agony                    Necr           16%        N/A       80%         5
 Silence                  Hex/Air        7%         N/A       83%         5
 Metabolic Englaciation   Hex/Ice        6%         N/A       90%         5
 Shatter                  Erth           35%        3d28*     98%         9
 Lehudib's Crystal Spear  Conj/Erth      26%        10d7      99%         8
 Death Channel            Necr           8%         N/A       100%        6
 Haunt                    Necr/Summ      16%        N/A       100%        7
 Infestation              Necr           8%         N/A       100%        8
 Cigotuvi's Dreadful Rot  Necr/Pois/Air  Unusable   N/A       N/A         2
 Statue Form              Tmut/Erth      Unusable   N/A       N/A         6

Dungeon Overview and Level Annotations

Branches:
Dungeon (15/15)            Temple (1/1) D:5            Lair (5/5) D:10
 Shoals (0/4) Lair:3        Snake (0/4) Lair:3        Slime (0/5) Lair:4
    Orc (2/2) D:10            Elf (1/3) Orc:2        Vaults (0/5) D:13
 Depths (0/4) D:15          Sewer (visited)         Ossuary (visited)
  IceCv (visited)         Gauntlet (visited)

Altars:
Ashenzari
Cheibriados
Dithmenos
Elyvilon
Fedhas
Gozag
Hepliaklqana
Kikubaaqudgha
Nemelex Xobeh
Okawaru
Qazlal
Ru
Sif Muna
Trog
Uskayaw
Wu Jian
Xom
Yredelemnul
Zin
The Shining One
Jiyva

Shops:
D:13 !   Orc:2 ((=[

Portals:
Trove: D:10 (give +4 fire dragon scales)

Annotations:
Temple 4 transporters


Innate Abilities, Weirdness & Mutations

You are immune to sickness and miasma.
Your stone body is resilient. (AC +12)
You are immune to poison.
Your large and strong wings let you fly.
You resist negative energy. (rN+)
You are resistant to electric shocks. (rElec)
You are resistant to unholy torment.
You are immune to petrification.
You have large cloven feet.
You have supernaturally acute eyesight. (SInv)
You are strong-willed. (Will+)


Message History

The sticky flame hits you but does no damage.
You are covered in liquid flames!
You impale the deep elf pyromancer!! You drain the deep elf pyromancer.
The deep elf pyromancer is severely wounded.
You are covered in liquid flames!
The +2 heavy long sword completely misses you.
The deep elf pyromancer completely misses your lightning spire.
The deep elf archer shoots an arrow.
You block the arrow.
The deep elf pyromancer becomes momentarily stuck in the liquid earth.
You puncture the deep elf pyromancer!
The deep elf pyromancer is almost dead.
You are covered in liquid flames!
The +2 heavy long sword hits you but does no damage.
The deep elf pyromancer becomes momentarily stuck in the liquid earth.
The deep elf archer shoots an arrow.
The arrow hits you!
The deep elf pyromancer hits you but does no damage.
You closely miss the deep elf pyromancer.
The deep elf pyromancer is almost dead.
You howl as the wereblood boils in your veins!
You are no longer corroded.
The +2 heavy long sword hits you!
* * * LOW HITPOINT WARNING * * *
The deep elf pyromancer hits your lightning spire with a +0 dagger.
The deep elf archer shoots an arrow.
The arrow hits you!
* * * LOW HITPOINT WARNING * * *
The deep elf pyromancer becomes momentarily stuck in the liquid earth.
Your lightning spire shoots out a bolt of lightning at the deep elf pyromancer!
The bolt of electricity hits the deep elf pyromancer!
The +2 heavy long sword barely misses you.
Okay, then.
As you read the scroll of teleportation, it crumbles to dust.
You feel strangely unstable.
The deep elf pyromancer hits your lightning spire with a +0 dagger!
The deep elf archer shoots an arrow.
The arrow hits you!
* * * LOW HITPOINT WARNING * * *
The deep elf pyromancer mumbles some strange words.
Your lightning spire shoots out a bolt of lightning at the deep elf pyromancer!
The bolt of electricity hits the deep elf pyromancer!
The +2 heavy long sword hits you!
You die... ######## #......######### ###.####.#...#...# ....####.#.(.#..E# #......#.#).)# EE#

###.##.#.#...###(##+#######
#......#...#..@.E.#8≈~..# #
####.###.>.e...e..#≈≈≈..# #
#.###.[.#..##8E#≈≈~..#
######.#.#####..##e.#≈≈~..#
....##.#.#...'..##..'≈≈≈..#
..#......#.).#..##..#≈≈~..#
..####.#.#[.)#..##..#≈≈~..#
........>#...#......#≈≈~..#
..###..#.#...#......#8~~..#


You could see a deep elf archer (repels missiles, struggling), 2 deep elf
pyromancers, 5 fire elementals, a +2 heavy long sword and a friendly lightning
spire (summoned).

Vanquished Creatures
  Kirke (Lair:3)
  Azrael (D:15)
  A dire elephant (D:14)
  Snorg (Orc:2)
  Josephine (D:15)
  A great orb of eyes (D:14)
  9 hydras
  Erolcha (D:13)
  5 vault guards (D:13)
  5 boulder beetles
  A centaur warrior (D:14)
  3 catoblepae (Lair:5)
  5 death yaks
  A death knight (D:14)
  6 two-headed ogres
  7 dancing weapons
  A tengu warrior (D:15)
  Urug (Orc:2)
  7 orc high priests (Orc:2)
  2 deep elf knights (Elf:1)
  3 skysharks
  A swamp dragon (D:13)
  A phantasmal warrior (D:14)
  3 deep elf archers (Elf:1)
  A necromancer (IceCv)
  5 deep elf zephyrmancers (Elf:1)
  5 deep elf pyromancers
  An oklob plant (Lair:4)
  6 manticores
  17 ugly things
  6 cyclopes
  13 elephants (Lair:5)
  Maurice (Orc:2)
  An ice statue (IceCv)
  15 cane toads
  4 black mambas
  2 efreet (D:13)
  4 freezing wraiths
  An unseen horror (D:11)
  A yaktaur (shapeshifter) (Elf:1)
  3 komodo dragons
  6 ice devils (IceCv)
  2 rime drakes (Lair:3)
  2 tengu conjurers
  A queen bee (D:11)
  2 polar bears
  An anaconda simulacrum (IceCv)
  5 trolls
  A wind drake (Lair:3)
  Prince Ribbit (Lair:3)
  4 nameless horrors
  18 blink frogs
  4 dream sheep (Lair:4)
  A centaur simulacrum (D:15)
  8 slime creatures
  2 air elementals
  A dire elephant simulacrum (IceCv)
  A jumping spider (shapeshifter) (D:14)
  6 wyverns
  2 fire bats (D:5)
  7 wraiths
  2 basilisks (Lair:2)
  2 fire elementals
  6 humans (D:13)
  55 yaks
  2 steam dragons (D:8)
  17 vampire mosquitoes
  4 death yak simulacra (IceCv)
  3 harpy simulacra (IceCv)
  2 nagas (Lair:3)
  2 acid dragons
  A warg (Orc:1)
  Menkaure (D:4)
  3 hell hounds (D:14)
  4 water moccasins
  4 hydra simulacra (IceCv)
  10 orc warriors
  A black bear (shapeshifter) (D:14)
  An ice beast (D:7)
  A black bear (D:6)
  4 ogres
  9 wolves
  3 boggarts (D:15)
  A phantom (D:6)
  7 centaurs
  13 bullfrogs
  4 kobold brigands
  2 cane toad simulacra (IceCv)
  2 scorpions
  2 earth elementals (Elf:1)
  11 wights
  39 killer bees
  7 elephant simulacra (IceCv)
  A vampire bat (Lair:1)
  6 howler monkeys
  3 hounds
  A gnoll bouda (D:7)
  35 orc priests
  A jelly (D:4)
  Ijyb (D:3)
  Jessica (D:2)
  4 iguanas
  A sleepcap (D:6)
  16 orc wizards
  2 polar bear simulacra (IceCv)
  5 wolf simulacra (IceCv)
  A mummy (Ossuary)
  Robin (D:3)
  12 gnolls
  10 adders
  A naga simulacrum (IceCv)
  3 river rats (Sewer)
  4 white imps
  5 ufetubi
  6 worms
  2 dart slugs (D:2)
  83 orcs
  11 endoplasms
  5 giant cockroaches
  6 goblins
  11 hobgoblins
  36 kobolds
  A quokka (D:5)
  10 ball pythons
  10 bats
  7 frilled lizards
  6 gnoll skeletons (Ossuary)
  6 kobold skeletons (Ossuary)
  13 orc skeletons (Ossuary)
  12 rats
793 creatures vanquished.

Vanquished Creatures (collateral kills)
  An emperor scorpion (D:15)
  Fannar (Lair:3)
  A death yak (Lair:5)
  A deep elf zephyrmancer (Elf:1)
  A cyclops (D:15)
  A rime drake (Lair:3)
  5 ice devils (IceCv)
  2 trolls (Orc:1)
  A blink frog (Lair:5)
  5 slime creatures (D:15)
  2 wraiths (D:15)
  7 yaks
  A fire elemental (D:15)
  A warg (Orc:2)
  2 wolves (Lair:4)
  2 killer bees (D:11)
  A nameless horror (Lair:3)
  A white imp (IceCv)
  3 orcs
  2 hobgoblins (D:3)
41 creatures vanquished.

Vanquished Creatures (others)
  A vault guard (D:13)
  An ugly thing (IceCv)
  24 fungi
  44 plants
70 creatures vanquished.

Grand Total: 904 creatures vanquished

Notes
Turn   | Place    | Note
-------+----------+-------------------------------------------
     0 | D:1      | LobsterGuardian the Gargoyle Earth Elementalist began the
                  | quest for the Orb.
     0 | D:1      | Reached XP level 1. HP: 10/10 MP: 3/3
   123 | D:1      | Reached skill level 4 in Earth Magic
   226 | D:1      | Reached XP level 2. HP: 15/15 MP: 3/5
   373 | D:1      | Found a faded altar of an unknown god.
  1029 | D:2      | Found a glowing golden altar of the Shining One.
  1174 | D:2      | Reached XP level 3. HP: 19/19 MP: 6/6
  1178 | D:2      | Learned a level 3 spell: Stone Arrow
  1198 | D:2      | Reached skill level 5 in Earth Magic
  1297 | D:2      | Noticed Jessica
  1300 | D:2      | Killed Jessica
  1301 | D:2      | Reached XP level 4. HP: 21/24 MP: 7/7
  1357 | D:2      | Learned a level 2 spell: Call Imp
  1903 | D:3      | Reached XP level 5. HP: 28/28 MP: 9/9
  2287 | D:3      | Noticed Robin
  2289 | D:3      | Noticed Ijyb
  2298 | D:3      | Killed Ijyb
  2299 | D:3      | Reached skill level 6 in Earth Magic
  2308 | D:3      | Killed Robin
  2549 | D:3      | Noticed a centaur
  2560 | D:3      | Killed a centaur
  2561 | D:3      | Reached XP level 6. HP: 15/33 MP: 10/10
  2727 | D:3      | Identified the +3 leather armour "Xautuak" {Str+2 Int-2
                  | Dex+2 Slay+2}
  3004 | D:4      | Reached skill level 7 in Earth Magic
  3183 | D:4      | Learned a level 4 spell: Petrify
  3242 | D:4      | Noticed Menkaure
  3251 | D:4      | Killed Menkaure
  3252 | D:4      | Reached skill level 1 in Maces & Flails
  3252 | D:4      | Reached XP level 7. HP: 37/37 MP: 10/12
  3630 | D:4      | Found a shimmering blue altar of Sif Muna.
  3632 | D:4      | Found a shimmering altar of Xom.
  3663 | D:4      | Found a blossoming altar of Fedhas.
  3665 | D:4      | Found a white marble altar of Elyvilon.
  3670 | D:4      | You fall into a shaft and drop 1 floor!
  3670 | D:5      | Entered Level 5 of the Dungeon
  3701 | D:5      | Found a transporter.
  3702 | D:5      | Noticed a fire bat
  3702 | D:5      | Noticed a fire bat
  3717 | D:5      | Reached skill level 1 in Fighting
  3744 | D:5      | Found a staircase to the Ecumenical Temple.
  3834 | Temple   | Entered the Ecumenical Temple
  3834 | Temple   | Found a transporter.
  3834 | Temple   | Found a transporter.
  3836 | Temple   | Found a transporter.
  3836 | Temple   | Found a transporter.
  3918 | D:5      | Reached skill level 8 in Earth Magic
  4090 | D:5      | Found a transporter.
  4106 | D:5      | Found a sand-covered staircase.
  4117 | Ossuary  | Entered an ossuary
  4117 | Ossuary  | Noticed a wraith
  4117 | Ossuary  | Noticed a wraith
  4117 | Ossuary  | Noticed a wraith
  4223 | Ossuary  | Noticed a wraith
  4295 | Ossuary  | Killed a wraith
  4296 | Ossuary  | Reached XP level 8. HP: 28/43 MP: 8/14
  4502 | Ossuary  | Gained mutation: You are strong-willed. (Will+) [potion of
                  | mutation]
  4502 | Ossuary  | Gained mutation: You have large cloven feet. [potion of
                  | mutation]
  4502 | Ossuary  | Gained mutation: You have supernaturally acute eyesight.
                  | (SInv) [potion of mutation]
  4915 | D:5      | Reached skill level 9 in Earth Magic
  4921 | D:5      | Reached skill level 5 in Spellcasting
  5300 | D:6      | Found a glowing drain.
  5312 | Sewer    | Entered a sewer
  5462 | Sewer    | Reached skill level 10 in Earth Magic
  6237 | D:6      | Reached XP level 9. HP: 41/47 MP: 9/18
  6537 | D:6      | Reached skill level 1 in Summonings
  6731 | D:6      | Found an iron altar of Okawaru.
  7277 | D:7      | Reached skill level 1 in Conjurations
  7518 | D:7      | Reached skill level 1 in Transmutations
  7544 | D:7      | Reached skill level 11 in Earth Magic
  7928 | D:7      | Identified the +1 pair of gloves "Omies" {rElec rPois
                  | Regen+ Dex-3}
  8575 | D:8      | Reached skill level 1 in Armour
  9208 | D:8      | Reached skill level 12 in Earth Magic
  9210 | D:8      | Reached XP level 10. HP: 51/52 MP: 19/19
  9363 | D:4      | Became a worshipper of Sif Muna the Loreminder
  9733 | D:8      | Reached skill level 1 in Invocations
 10370 | D:9      | Learned a level 1 spell: Magic Dart
 10423 | D:9      | Learned a level 2 spell: Static Discharge
 10435 | D:9      | Reached skill level 13 in Earth Magic
 10435 | D:9      | Noticed a two-headed ogre
 10504 | D:9      | Killed a two-headed ogre
 10839 | D:9      | Reached * piety under Sif Muna
 10849 | D:9      | Reached XP level 11. HP: 50/57 MP: 21/21
 10978 | D:10     | Entered Level 10 of the Dungeon
 11145 | D:10     | Reached ** piety under Sif Muna
 11292 | D:10     | Found a staircase to the Orcish Mines.
 11338 | D:10     | Found a staircase to the Lair.
 11353 | D:10     | Found a portal to a secret trove of treasure.
 11471 | D:10     | Identified the +5 quarterstaff "Qekear" {drain, rElec rC+}
 11773 | D:11     | Noticed a boulder beetle
 11896 | D:11     | Noticed a two-headed ogre
 11911 | D:11     | Killed a two-headed ogre
 12020 | D:11     | Killed a boulder beetle
 12021 | D:11     | Reached skill level 5 in Maces & Flails
 12021 | D:11     | Reached skill level 5 in Invocations
 12105 | D:11     | Noticed a manticore
 12107 | D:11     | Noticed a green ugly thing
 12121 | D:11     | Killed a manticore
 12122 | D:11     | Reached skill level 5 in Summonings
 12227 | Lair:1   | Entered Level 1 of the Lair of Beasts
 12354 | Lair:1   | Reached skill level 14 in Earth Magic
 12413 | Lair:1   | Learned a level 4 spell: Summon Lightning Spire
 13016 | Lair:2   | Reached XP level 12. HP: 60/64 MP: 25/25
 13058 | Lair:2   | Reached *** piety under Sif Muna
 13058 | Lair:2   | Noticed an eight-headed hydra
 13073 | Lair:2   | Killed an eight-headed hydra
 13093 | Lair:2   | Found a gate leading to a gauntlet.
 13102 | Gauntlet | Entered a Gauntlet
 13102 | Gauntlet | Noticed a tengu warrior
 13102 | Gauntlet | Found a transporter.
 13102 | Gauntlet | Found a transporter.
 13111 | Gauntlet | Found a transporter.
 13114 | Gauntlet | Found a transporter.
 13120 | Gauntlet | Found a runed translucent gate.
 13122 | Gauntlet | Found a transporter.
 13123 | Gauntlet | Found a runed translucent gate.
 13124 | Gauntlet | Found a runed translucent gate.
 13126 | Gauntlet | Found a transporter.
 13130 | Gauntlet | Noticed a blizzard demon
 13134 | Gauntlet | Found a transporter.
 13151 | Gauntlet | Found a transporter.
 13165 | Gauntlet | Found a transporter.
 13169 | Gauntlet | Found a transporter.
 13175 | Gauntlet | Noticed a catoblepas
 13177 | Gauntlet | Found a transporter.
 13181 | Gauntlet | Found a transporter.
 13545 | Gauntlet | Identified the ring "Tuudocut" {Fire rPois rCorr Str+7
                  | Dex-3}
 13579 | Gauntlet | Identified the ring "Vonniv" {rElec rF+++ Will- EV+5 Int-4}
 13579 | Gauntlet | Noticed a minotaur
 13585 | Gauntlet | Identified the +9 short sword "Hahaofun" {drain, rCorr}
 13657 | Lair:2   | Learned a level 3 spell: Vampiric Draining
 14295 | Lair:3   | Noticed Fannar
 14303 | Lair:3   | Found a staircase to the Snake Pit.
 14350 | Lair:3   | Noticed a skyshark
 14352 | Lair:3   | Reached skill level 15 in Earth Magic
 14386 | Lair:3   | Killed a skyshark
 14387 | Lair:3   | Reached skill level 1 in Short Blades
 14630 | Lair:3   | Found a staircase to the Shoals.
 14651 | Lair:3   | Found a frozen archway.
 14714 | IceCv    | Entered an ice cave
 14717 | IceCv    | Reached **** piety under Sif Muna
 14908 | IceCv    | Reached XP level 13. HP: 50/68 MP: 18/26
 15042 | IceCv    | Found an ancient bone altar of Kikubaaqudgha.
 15076 | IceCv    | Reached skill level 10 in Spellcasting
 15217 | IceCv    | Reached ***** piety under Sif Muna
 15217 | IceCv    | Received a gift from Sif Muna
 15715 | IceCv    | Identified the ring of Ehonor {rPois rC+ rN+ Str-2}
 15919 | Lair:3   | Reached skill level 16 in Earth Magic
 16122 | Lair:3   | Noticed Prince Ribbit
 16137 | Lair:3   | Killed Prince Ribbit
 16180 | Lair:3   | Noticed Kirke
 16196 | Lair:3   | Killed Kirke
 16331 | Lair:3   | Killed Fannar
 17081 | Lair:4   | Found a viscous altar of Jiyva.
 17081 | Lair:4   | Found a staircase to the Slime Pits.
 17342 | Lair:4   | Learned a level 4 spell: Summon Ice Beast
 17867 | Lair:4   | Identified a scroll of acquirement
 17870 | Lair:4   | Acquired the +3 buckler "Zikaapp" {*Corrode Str+9 Dex+3
                  | SInv}
 17904 | Lair:5   | Entered Level 5 of the Lair of Beasts
 18123 | Lair:5   | Gained mutation: Your large and strong wings let you fly.
                  | [Gargoyle growth]
 18123 | Lair:5   | Reached XP level 14. HP: 69/72 MP: 29/29
 18186 | Lair:4   | Reached skill level 1 in Shields
 18354 | Lair:5   | Received a gift from Sif Muna
 18355 | Lair:5   | Reached skill level 5 in Stealth
 18371 | Lair:5   | Got Sif Muna's Incunable of Metal {god gift}
 18378 | Lair:5   | Learned a level 5 spell: Lee's Rapid Deconstruction
 18384 | Lair:5   | Learned a level 5 spell: Borgnjor's Vile Clutch
 18437 | Lair:5   | Reached skill level 1 in Air Magic
 18773 | Lair:5   | Reached skill level 17 in Earth Magic
 19479 | Lair:5   | Identified the +10 demon trident of Superiority {drain,
                  | rElec rCorr Int+2}
 19856 | D:12     | Reached skill level 1 in Polearms
 20079 | D:11     | Received a gift from Sif Muna
 20080 | D:11     | Got Sif Muna's Parchment of Red Correspondence {god gift}
 20549 | D:11     | Reached XP level 15. HP: 78/78 MP: 30/30
 20967 | D:12     | Found a transporter.
 20973 | D:12     | Found a transporter.
 20974 | D:12     | Found a transporter.
 21014 | D:12     | Found a transporter.
 21227 | D:13     | Found Eqecy's Distillery.
 21434 | D:13     | Reached skill level 5 in Dodging
 21596 | D:13     | Reached skill level 18 in Earth Magic
 21660 | D:13     | Found a gate to the Vaults.
 21670 | D:13     | Identified the +7 plate armour of Restlessness {rElec
                  | Dex+3}
 21774 | D:13     | Noticed Erolcha
 21788 | D:13     | Killed Erolcha
 22197 | D:14     | Found a shadowy altar of Dithmenos.
 22454 | D:14     | Received a gift from Sif Muna
 22904 | D:15     | Entered Level 15 of the Dungeon
 22913 | D:15     | Found a staircase to the Depths.
 22914 | D:15     | Noticed an emperor scorpion
 23038 | D:15     | Killed an emperor scorpion
 23131 | D:15     | Noticed Azrael
 23273 | Orc:1    | Entered Level 1 of the Orcish Mines
 23403 | Orc:1    | Reached skill level 5 in Polearms
 23735 | Orc:2    | Entered Level 2 of the Orcish Mines
 23739 | Orc:2    | Found a staircase to the Elven Halls.
 23880 | Orc:2    | Noticed Maurice
 23892 | Orc:2    | Noticed Snorg
 23894 | Orc:2    | Noticed Urug
 23896 | Orc:2    | Killed Maurice
 23904 | Orc:2    | Killed Snorg
 23906 | Orc:2    | Received a gift from Sif Muna
 23919 | Orc:2    | Killed Urug
 23920 | Orc:2    | Reached XP level 16. HP: 82/86 MP: 5/32
 23933 | Orc:2    | Found Ujiemnogg's Antique Armour Boutique.
 23933 | Orc:2    | Found Zamivugha's Jewellery Shoppe.
 23949 | Orc:2    | Got Sif Muna's Vellum of Violent Metal {god gift}
 23956 | Orc:2    | Learned a level 4 spell: Leda's Liquefaction
 24030 | Orc:2    | Bought the ring "Diskou Paxi" {MP+9 Str+2} for 530 gold
                  | pieces
 24222 | Orc:2    | Found Efairacw's Antique Weapon Boutique.
 24222 | Orc:2    | Found Jerchustra's Antique Weapon Shoppe.
 24314 | Orc:2    | Reached skill level 1 in Necromancy
 24871 | D:14     | Reached skill level 5 in Fighting
 25065 | D:15     | Killed Azrael
 25483 | D:15     | Noticed Josephine
 25495 | D:15     | Received a gift from Sif Muna
 25501 | D:15     | Killed Josephine
 25514 | D:15     | Got Wiufin's Atlas of Twisted Ill Luck {god gift}
 25524 | D:15     | Learned a level 6 spell: Iron Shot
 25775 | Elf:1    | Entered Level 1 of the Elven Halls
 25823 | Elf:1    | Paralysed by an air elemental for 1 turns
 25894 | Orc:1    | Paralysed by an air elemental for 1 turns
 26442 | Elf:1    | Learned a level 2 spell: Wereblood
 26494 | Elf:1    | Paralysed by an air elemental for 1 turns
 26499 | Elf:1    | Paralysed by an air elemental for 1 turns
 26514 | Elf:1    | Slain by a +2 heavy long sword

Illustrated notes

Levels and vault maps discovered:
D:1:      sevenhm_arrival_forest_fort_small_5, layout_loops_ring,
          shapermc_ecumenical_altar_acropolis, skrybe_limestone_x
D:2:      layout_loops_ring, basic_altar, minmay_worlds_worst_comb, uniq_jessica
D:3:      layout_loops_ring, serial_bayou_ford_a, nicolae_goblin_pals
D:4:      layout_basic, nicolae_overflow_hidden_temple, uniq_menkaure
D:5:      gammafunk_cloud_chamber, layout_basic,
          minmay_temple_entry_glassed_door, nicolae_ossuary_entry_ruins,
          minmay_crystal_room
D:6:      nicolae_BIG_FREAKIN_CUBE, layout_basic, mainiacjoe_overflow_boulevard,
          cheibrodos_sewer_entry_drain
D:7:      kennysheep_kobold_camp, layout_basic, corner_web_ring
D:8:      layout_loops_corners, serial_rivers, chequers_serial_rivers_micro_a,
          chequers_serial_rivers_room_b, chequers_serial_rivers_micro_c,
          chequers_serial_rivers_small_3
D:9:      nicolae_cairo_tiling_large, layout_cave_pools, solitary_fountain
D:10:     layout_big_octagon, lair_entry_dummy, hiddenorc1_lemuel, enter_trove_0
D:11:     layout_grid_maze, special_room [special_room_bee],
          minmay_mirror_moons_of_madness
D:12:     layout_rooms, nicolae_transporter_circle
D:13:     layout_rooms, ximxim_vaults_locker_room, serial_shops, shop, pond,
          uniq_erolcha
D:14:     layout_stronghold, grunt_dithmenos_smoke, serial_rivers,
          chequers_serial_rivers_large_a, chequers_serial_rivers_marsh,
          chequers_serial_rivers_micro_b, chequers_serial_rivers_small_a,
          chequers_serial_rivers_room_a, chequers_serial_rivers_micro_e
D:15:     hangedman_depths_entry_try_elsewhere_first, layout_cave_pools,
          minivault_26, uniq_azrael, uniq_josephine
Temple:   hellmonk_temple_divided_pantheon
Lair:1:   layout_regular_city, roderic_batcave
Lair:2:   layout_misc_corridors, gauntlet_entry_generic, grunt_megastairs_3
Lair:3:   layout_gridlike, minmay_shoals_entry_beasts,
          guppyfry_snake_entry_garden, portal_ice_cave_entry_animals_and_master,
          grunt_megastairs_1, uniq_fannar, uniq_kirke, uniq_prince_ribbit2
Lair:4:   layout_regular_city, minmay_slime_entry_oklob_enclosed,
          infiniplex_staircase_pool_2
Lair:5:   evilmike_catoblepas_cave, layout_hall_layers
Orc:1:    layout_caves
Orc:2:    st_orc_town, layout_caves, bh_open_orc_temple, uniq_maurice,
          uniq_snorg, uniq_urug
Elf:1:    layout_loops_cross, evilmike_minifort

Skill      XL: |  1  2  3  4  5  6  7  8  9 10 11 12 13 14 15 16 |
---------------+-------------------------------------------------+-----
Earth Magic    | 4 5 6 7 8 10 12 13 14 15 16 17 18 | 18.7
Spellcasting   | 3 4 6 7 9 11 12 | 12.8
Dodging        | 2 3 4 5 |  5.4
Maces & Flails | 1 3 4 5 |  5.2
Fighting       | 1 2 3 4 6 |  6.7
Summonings     | 3 4 5 6 7 8 9 |  9.8
Conjurations   | 1 2 3 |  3.2
Transmutations | 1 2 3 4 |  4.1
Armour         | 1 3 4 |  4.5
Invocations    | 4 5 7 8 |  8.3
Short Blades   | 1 2 4 |  4.2
Stealth        | 4 5 6 7 |  7.1
Shields        | 2 3 |  3.9
Air Magic      | 1 |  1.8
Polearms       | 1 5 6 |  6.7
Necromancy     | 1 |  1.2
Ice Magic      | |  0.4

Action                     |  1- 3 |  4- 6 |  7- 9 | 10-12 | 13-15 | 16-18 || total
---------------------------+-------+-------+-------+-------+-------+-------++-------
  Melee: Unarmed           |    10 |       |       |       |       |       ||    10
         Short sword       |    19 |    18 |       |   118 |   321 |       ||   476
         Dagger            |     4 |       |       |       |       |       ||     4
         Punch             |       |     2 |     2 |     9 |       |       ||    13
         Whip              |       |    41 |   167 |       |       |       ||   208
         Kick              |       |       |     3 |       |       |       ||     3
         Morningstar       |       |       |       |    82 |       |       ||    82
         Flail             |       |       |       |    98 |       |       ||    98
         Demon trident     |       |       |       |       |   438 |   228 ||   666
   Cast: Sandblast         |    27 |    53 |   174 |   293 |   269 |    28 ||   844
         Call Imp          |       |     4 |     7 |    16 |    16 |     1 ||    44
         Stone Arrow       |       |     6 |    23 |    97 |   114 |     9 ||   249
         Petrify           |       |     2 |    15 |    66 |    89 |    17 ||   189
         Static Discharge  |       |       |       |     6 |    11 |       ||    17
         Summon Lightning  |       |       |       |     5 |    21 |    13 ||    39
         Vampiric Draining |       |       |       |     1 |       |       ||     1
         Summon Ice Beast  |       |       |       |       |     8 |     7 ||    15
         Lee's Rapid Decon |       |       |       |       |    45 |    15 ||    60
         Borgnjor's Vile C |       |       |       |       |    17 |    15 ||    32
         Iron Shot         |       |       |       |       |       |     8 ||     8
         Leda's Liquefacti |       |       |       |       |       |     2 ||     2
         Wereblood         |       |       |       |       |       |     1 ||     1
 Invoke: Forget Spell      |       |       |       |       |       |     1 ||     1
  Evoke: Wand              |       |       |     1 |     5 |     1 |     1 ||     8
    Use: Scroll            |     4 |     2 |    11 |    11 |    14 |     3 ||    45
         Potion            |       |     2 |     3 |    12 |     7 |     2 ||    26
   Stab: Sleeping          |     3 |     1 |     1 |     1 |     4 |     4 ||    14
         Petrified         |       |     3 |    25 |    98 |    98 |    16 ||   240
         Petrifying        |       |       |     4 |     4 |     6 |     3 ||    17
         Distracted        |       |       |       |       |     2 |       ||     2
 Armour: Robe              |    14 |    28 |    43 |       |       |       ||    85
         Leather armour    |       |       |    83 |   264 |   574 |   133 ||  1054
  Dodge: Dodged            |    17 |    50 |   189 |   665 |   994 |   134 ||  2049
  Block: Buckler           |       |       |       |       |   410 |    98 ||   508

Table legend: (Time is in decaauts)
 A = Elapsed time spent in this place.
 B = Non-inter-level travel time spent in this place.
 C = Inter-level travel time spent in this place.
 D = Time resting spent in this place.
 E = Time spent auto-exploring this place.
 F = Levels seen in this place.
 G = Mean time per level.
                   A        B        C        D        E       F      G
               +--------+--------+--------+--------+--------+-----+--------+
         Total |  27225 |  24586 |   2639 |    420 |  17546 |  28 |  972.3 |
       Dungeon |  16537 |  14413 |   2124 |    196 |  10821 |  15 | 1102.5 |
        Temple |     23 |     11 |     12 |      0 |      6 |   1 |   23.0 |
          Lair |   5622 |   5200 |    422 |    116 |   3573 |   5 | 1124.4 |
  Orcish Mines |   1664 |   1584 |     80 |     71 |   1185 |   2 |  832.0 |
   Elven Halls |    551 |    551 |      0 |      0 |    363 |   1 |  551.0 |
         Sewer |    817 |    817 |      0 |      0 |    652 |   1 |  817.0 |
       Ossuary |    413 |    413 |      0 |      0 |    307 |   1 |  413.0 |
      Ice Cave |   1134 |   1134 |      0 |     37 |    546 |   1 | 1134.0 |
      Gauntlet |    461 |    461 |      0 |      0 |     92 |   1 |  461.0 |
               +--------+--------+--------+--------+--------+-----+--------+

Top non-repeatable levels by time:
     D:8: 1532 daAuts
    D:11: 1524 daAuts
     D:7: 1466 daAuts
  Lair:5: 1430 daAuts
     D:5: 1416 daAuts
  Lair:3: 1315 daAuts
  Lair:4: 1263 daAuts
    D:14: 1167 daAuts
     D:3: 1154 daAuts
   IceCv: 1134 daAuts
     D:6: 1123 daAuts
   Orc:2: 1067 daAuts
    D:10: 1007 daAuts
     D:1: 993 daAuts
     D:4: 959 daAuts
